 Dungeon Crawl Stone Soup version 0.21.1-1-g345015fe64 (webtiles) character file.

102 Gargoyl the Skirmisher (level 4, -3/41 HPs)
             Began as a Centaur Abyssal Knight on June 26, 2018.
             Was a Follower of Lugonu.
             Slain by a swamp drake (8 damage)
             ... summoned by a worldbinder
             ... on level 2 of the Abyss.
             The game lasted 00:00:41 (71 turns).

Gargoyl the Skirmisher (Centaur Abyssal Knight)       Turns: 71, Time: 00:00:42

Health: -3/41      AC:  4    Str: 14    XL:     4   Next: 50%
Magic:  5/5        EV:  9    Int: 11    God:    Lugonu [*.....]
Gold:   0          SH:  0    Dex: 10    Spells: 3/3 levels left

rFire    . . .     SeeInvis .   a - +1 hand axe
rCold    . . .     Gourm    .   (no shield)
rNeg     . . .     Faith    .   b - +0 leather armour
rPois    .         Spirit   .   (no helmet)
rElec    .         Reflect  .   (no cloak)
rCorr    .         Harm     .   (no gloves)
MR       .....                  (no barding)
Stlth    ..........             (no amulet)
HPRegen  0.13/turn              (no ring)
MPRegen  0.09/turn              (no ring)

@: confused, very quick
A: large, hooves 3, deformed body, speed 2, tough skin 3
a: Depart the Abyss, Renounce Religion


You were on level 2 of the Abyss.
You worshipped Lugonu.
Lugonu was aware of your devotion.
You were not hungry.

You visited 0 branches of the dungeon, and saw 0 of its levels.
You visited the Abyss 1 time.

Inventory:

Hand Weapons
 a - a +1 hand axe (weapon)
Armour
 b - a +0 leather armour (worn)
Miscellaneous
 d - a lightning rod (inert)
Comestibles
 c - a ration


   Skills:
 + Level 4.5 Fighting
 + Level 2.2 Axes
 + Level 1.8 Armour
 + Level 0.7 Dodging
 + Level 2.4 Invocations
 + Level 0.1 Evocations


You had 3 spell levels left.
You didn't know any spells.

Dungeon Overview and Level Annotations

Branches:
Dungeon (0/15)

Altars:


Innate Abilities, Weirdness & Mutations

You have hooves in place of feet.
Armour fits poorly on your strangely shaped body.
You cover ground very quickly.
You have extremely tough skin. (AC +3)


Message History

You are confused.
The insubstantial wisp thrums sharply.
The worldbinder is struck by lightning.
The lightning arcs!
You are struck by lightning.
The lightning arcs!
You are struck by lightning.
The lightning arcs!
The swamp drake is struck by lightning.
The lightning arcs!
The worldbinder is struck by lightning.
The lightning arcs!
The swamp drake is struck by lightning.
The lightning grounds out.
The worldbinder hits you. The worldbinder closely misses you.
The swamp drake bites you.
You're too confused to move!
You are engulfed in noxious fumes.
You choke on the stench!
You are more confused.
The swamp drake disappears in a puff of smoke!
The worldbinder hits you.
* * * LOW HITPOINT WARNING * * *
The worldbinder completely misses you. The insubstantial wisp hits you.
* * * LOW HITPOINT WARNING * * *
The worldbinder hits you but does no damage. x2
The swamp drake bites you!
You die...

.#.....#.....#....
. . ......... ..
... ../..# # ..
#.∩!# # #.## ##.##
# ###..5###...##
... ..
.....#.....#....
.........§§xv§.....
.#.....#§k@§.#. ..
. ##... ##§§§###...
## ##.## ##§## #.#
# .. # §§.# ..
..#.. .# .... ....
. ........ . #....
#..... . ###.
.###...##


You could see a worldbinder, a swamp drake, an insubstantial wisp and a white
imp.

Vanquished Creatures
  A large abomination (Abyss:2)
1 creature vanquished.

Notes
Turn   | Place    | Note
-------+----------+-------------------------------------------
     0 | Abyss:1  | Gargoyl the Centaur Abyssal Knight began the quest for the Orb.
     0 | Abyss:1  | Reached XP level 1. HP: 19/19 MP: 2/2
    29 | Abyss:2  | Found a stormy altar of Qazlal.
    42 | Abyss:2  | Noticed a large abomination
    56 | Abyss:2  | Noticed a large abomination
    61 | Abyss:2  | Noticed a worldbinder
    61 | Abyss:2  | Killed a large abomination
    61 | Abyss:2  | Reached skill level 4 in Fighting
    61 | Abyss:2  | Reached XP level 2. HP: 28/28 MP: 3/3
    61 | Abyss:2  | Reached XP level 3. HP: 34/34 MP: 4/4
    61 | Abyss:2  | Reached XP level 4. HP: 41/41 MP: 5/5
    62 | Abyss:2  | Noticed a vampire mosquito
    67 | Abyss:2  | Noticed an insubstantial wisp
    67 | Abyss:2  | Noticed a swamp drake
    67 | Abyss:2  | Noticed a swamp drake
    71 | Abyss:2  | Slain by a swamp drake

Skill      XL: |  1 |
---------------+----+-----
Fighting       | 4 |  4.5
Axes           | 2 |  2.2
Armour         | |  1.8
Dodging        | |  0.7
Invocations    | |  2.4
Evocations     | |  0.1

Action                   |  1- 3 |  4- 6 || total
-------------------------+-------+-------++-------
Melee: Hand axe          |       |     1 ||     1
       Kick              |       |     1 ||     1
Evoke: Lightning rod     |     2 |     4 ||     6
  Use: Scroll            |     1 |       ||     1
Armor: Leather armour    |       |     4 ||     4
Dodge: Dodged            |       |     6 ||     6
